 Dungeon Crawl Stone Soup version 0.32-a0-656-g3542139ebd (console) character file.

Game seed: 12548038753283881151

161793 jejorda2 the Impaler (level 17, -12/202 HPs)
             Began as a Coglin Berserker on Mar 7, 2024.
             Was the Champion of Trog.
             Mangled by a tyrant leech (14 damage)
             ... on level 4 of the Swamp on Mar 8, 2024.
             The game lasted 01:25:09 (35048 turns).

jejorda2 the Impaler (Coglin Berserker)            Turns: 35048, Time: 01:25:09

Health: -12/202    AC: 19    Str: 24    XL:     17   Next: 79%
Magic:  4/5        EV: 14    Int:  7    God:    Trog [******]
Gold:   1871       SH:  0    Dex: 15    Spells: 16/16 levels left

rFire   . . .        a - +6 demon trident (antimagic) {Jaspreet}
rCold   . . .        b - +5 trident (antimagic) {Yuphin}
rNeg    . . .        T - +0 swamp dragon scales
rPois   +            v - +0 helmet
rElec   +            O - +2 cloak {rCorr}
rCorr   +            k - +3 Mad Mage's Maulers {Infuse+∞ VampMP -Cast}
SInv    .            B - +0 pair of boots
Will    +....        (amulet unavailable) Stlth
                     (ring unavailable)
HPRegen 0.53/turn    (ring unavailable)
MPRegen 0.09/turn    f - turbobismuth transmogrifier {rElec Slay+3 Clar RMsl}

%: no spellcasting, repel missiles, clarity, infuse magic (4 MP)
@: berserking (expiring), corroded, revved, quick
A: off-hand wielding, slow wielding, warmup strikes, no jewellery
a: Renounce Religion, Berserk, Trog's Hand, Brothers in Arms


You were on level 4 of the Swamp.
You worshipped Trog.
Trog was exalted by your worship.
You visited 4 branches of the dungeon, and saw 26 of its levels.
You also visited: Gauntlet and Ice Cave.

You collected 2816 gold pieces.
You spent 945 gold pieces at shops.

Inventory:

Hand Weapons
 a - a +6 antimagic demon trident (weapon) {Jaspreet}
 b - a +5 antimagic trident (offhand) {Yuphin}
Missiles
 i - 4 throwing nets
 m - 4 javelins
 q - 10 curare-tipped darts
 u - 29 poisoned darts
 w - 10 atropa-tipped darts
 z - 35 boomerangs (quivered)
 L - 16 silver javelins
Armour
 k - the +3 Mad Mage's Maulers (worn) {Infuse+∞ VampMP -Cast}
   (You found it in a Gauntlet)

   Infuse+∞: It empowers its wearer's blows with all of their magic.
   VampMP:    Blows struck in melee replenish the wearer's magic.
   -Cast:     It prevents spellcasting.
 v - a +0 helmet (worn)
 B - a +0 pair of boots (worn)
 D - the +1 chain mail of the Realm of Zot {rF+ rC+}
   (You bought it in a shop on level 8 of the Dungeon)

   rF+:       It protects you from fire.
   rC+:       It protects you from cold.
 O - a +2 cloak of preservation (worn)
 T - +0 swamp dragon scales (worn)
Gizmo
 f - a turbobismuth transmogrifier (installed) {rElec Slay+3 Clar RMsl}
   (You invented it yourself on level 3 of the Lair of Beasts)

   [turbobismuth transmogrifier]

   Slay+3:    It affects your accuracy & damage with ranged weapons and melee
   (+3).
   rElec:     It insulates you from electricity.
   Clar:      It protects you from confusion, rage, mesmerisation and fear.
   RMsl:      It protects you from missiles.
Wands
 o - a wand of charming (34)
 t - a wand of polymorph (12)
 A - a wand of roots (16)
 E - a wand of flame (26)
 H - a wand of mindburst (31)
 M - a wand of digging (14)
 N - a wand of acid (7)
Scrolls
 h - 2 scrolls of blinking
 j - 8 scrolls of fear
 r - 2 scrolls of enchant weapon
 y - 8 scrolls of teleportation
 C - 2 scrolls of poison
 F - 3 scrolls of silence
 I - 5 scrolls of revelation
 Q - a scroll of enchant armour
 R - 2 scrolls of identify
Potions
 c - 2 potions of heal wounds
 d - 4 potions of enlightenment
 e - 10 potions of ambrosia
 l - 2 potions of lignification
 n - 2 potions of might
 p - 7 potions of curing
 x - 4 potions of resistance
 G - 2 potions of attraction
 J - 3 potions of mutation
 K - 4 potions of haste
 P - a potion of cancellation
 S - a potion of invisibility
Miscellaneous
 g - a phial of floods
 s - a box of beasts


   Skills:
 + Level 12.5 Fighting
 + Level 16.4 Polearms
 - Level 16.0 Throwing
 + Level 10.9 Armour
 + Level 7.0 Dodging
 + Level 1.7 Stealth
 + Level 12.0 Evocations


You had 16 spell levels left.
You didn't know any spells.
Your spell library was empty.

Dungeon Overview and Level Annotations

Branches:
Dungeon (15/15)            Temple (0/1) D:4            Lair (5/5) D:10
  Swamp (4/4) Lair:2       Spider (0/4) Lair:2        Slime (0/5) Lair:4
    Orc (2/2) D:11            Elf (0/3) Orc:2        Vaults (0/5) D:14
 Depths (0/4) D:15          IceCv (visited)         Gauntlet (visited)

Altars:
Ashenzari
Cheibriados
Dithmenos
Elyvilon
Fedhas
Nemelex Xobeh
Ru
Sif Muna
Trog
Uskayaw
Zin
Beogh
Jiyva

Shops:
D:6 *   D:8 ?[   D:9 [   Orc:2 ***=

Portals:
Abyss: Swamp:1
Trove: D:15 (give 12 potions of heal wounds)

Annotations:
Swamp:1 2 transporters, Ykem's ghost, adept GnWn


Innate Abilities, Weirdness & Mutations

You can wield a second weapon in your off-hand.
It takes a long time for you to wield or remove held weapons.
Your first few attacks do less damage.
You cannot equip rings or amulets.


Message History

Trog accepts your kill.
You hear a splash.
The swamp dragon scales are intact enough to wear.
You are engulfed in a cloud of scalding steam.
* * * LOW HITPOINT WARNING * * *
The tyrant leech is engulfed in a cloud of scalding steam.
The tyrant leech closely misses you.
You completely miss the lindwurm with your +6 antimagic demon trident.
The lindwurm is lightly wounded.
You completely miss the lindwurm with your +5 antimagic trident.
You are engulfed in a cloud of scalding steam.
The swamp dragon bites you but does no damage.
The swamp dragon barely misses you. x2
The lindwurm bites you but does no damage.
The lindwurm barely misses you.
The lindwurm claws you but does no damage.
You impale the lindwurm with your +5 antimagic trident!!
The lindwurm is severely wounded.
You impale the lindwurm with your +6 antimagic demon trident!!
You kill the lindwurm!
Trog accepts your kill.
You are engulfed in a cloud of scalding steam.
A six-headed hydra comes into view.
The bunyip claws you but does no damage.
The bunyip barely misses you. The bunyip misses you.
Your unstable footing causes you to fumble your attack.
The six-headed hydra roars!
You impale the bunyip with your +5 antimagic trident!!
You are engulfed in a cloud of scalding steam.
The goliath frog hits you from afar!
* * * LOW HITPOINT WARNING * * *
The acid corrodes you!
You are splashed with acid.
You resist.
* * * LOW HITPOINT WARNING * * *
The swamp drake bites you but does no damage.
The swamp dragon misses you.
The swamp dragon claws you but does no damage.
The swamp dragon tramples you but does no damage.
A bunyip comes into view.
The tyrant leech bites you!
You die...

.~~~~~.~..x~.
♣♣D~~~~~..~~~~ .♣
♣♣.~~~k./.~~k~ ~.~
~..~~Dk...... .<
§~~~...v♣~~♣♣ .♣♣♣♣
~~~..F~D~...♣♣♣.~~~♣♣♣
~~..♣.Dkw~~~~.~~~~~~.♣
~.~..vk§@~.~~..~§~~~.♣
.~§~..§†x~..~♣~.~~~~.♣
~~~~...~~~~~[~.§~~~~~♣
~§~~.♣.~~.~~..<~~.~~.♣
..~♣♣♣♣.~...~...~[~~~♣
~♣ ♣.....~~.♣♣.~~.♣
♣♣....~.♣♣ .~.♣
♣..~..§♣ ♣♣♣ .~~♣♣♣♣♣♣


You could see 2 bunyips, a six-headed hydra, 3 swamp dragons, a tyrant leech, 2
lindwurms, a goliath frog, 2 will-o-the-wisps and 3 swamp drakes.

Vanquished Creatures
  Saint Roka (Orc:2)
  Rupert (Lair:4)
  Mlioglotl (Swamp:2)
  A thorn hunter (Swamp:2)
  Louise (D:15)
  2 orc warlords
  2 eleionomae
  A minotaur (Gauntlet)
  4 bunyips
  Azrael (D:13)
  Fannar (Lair:3)
  Josephine (Lair:4)
  A shambling mangrove (Swamp:1)
  4 ghost crabs
  Erolcha (Orc:2)
  14 hydras
  5 catoblepae
  2 ogre magi
  17 alligators
  3 centaur warriors
  11 two-headed ogres
  4 boulder beetles
  15 death yaks (Lair:5)
  2 tengu warriors
  4 orc high priests (Orc:2)
  Sonja (D:11)
  2 skysharks
  7 goliath frogs
  A fire crab (Gauntlet)
  An orb spider (Lair:2)
  Pikel (D:6)
  A death drake (Swamp:4)
  7 swamp dragons
  3 spriggan druids
  2 bog bodies (Swamp:3)
  A lindwurm (Swamp:4)
  8 orc knights
  5 deep elf pyromancers
  6 ugly things
  2 wolf spiders
  4 will-o-the-wisps
  9 orc sorcerers
  An oklob plant (Lair:1)
  7 manticores
  3 ice statues (IceCv)
  Joseph (D:7)
  8 cyclopes
  5 black mambas
  16 elephants
  5 kobold blastminers (Orc:2)
  9 cane toads
  Maggie (D:7)
  10 rime drakes
  An anaconda simulacrum (IceCv)
  9 komodo dragons
  A freezing wraith (IceCv)
  A tengu conjurer (D:15)
  A queen bee (Lair:2)
  7 trolls
  2 polar bears
  9 blink frogs
  A bloated husk (Swamp:3)
  A hornet (shapeshifter) (D:14)
  11 tyrant leeches
  A wolf spider simulacrum (Gauntlet)
  A glass eye (shapeshifter) (D:15)
  6 hornets
  11 slime creatures
  2 centaur simulacra (Gauntlet)
  Sigmund (D:4)
  2 shadows
  3 spriggans
  A vampire (D:11)
  4 fire bats (Gauntlet)
  14 wyverns
  5 wraiths
  4 fire elementals (D:13)
  62 yaks
  Grum (D:11)
  5 basilisks
  5 wargs
  26 vampire mosquitoes
  2 acid dragons
  10 swamp worms
  A spectral cane toad (Lair:2)
  2 death yak simulacra (IceCv)
  9 water moccasins
  Duvessa (D:7)
  4 hell hounds
  A hydra simulacrum (IceCv)
  A spectral polar bear (Lair:2)
  A spectral blink frog (Lair:2)
  58 orc warriors
  A spectral yak (Lair:2)
  An ice dragon simulacrum (Gauntlet)
  4 black bears
  A sky beast (D:6)
  A swamp drake (Swamp:3)
  A black bear (shapeshifter) (D:15)
  A boggart (Gauntlet)
  14 ogres
  3 centaurs
  17 wolves
  2 lemures (D:6)
  3 phantoms
  A kobold brigand (D:11)
  6 bullfrogs
  Blork the orc (D:5)
  A spectral water moccasin (Lair:2)
  5 scorpions
  3 gnoll sergeants
  3 wights (D:8)
  Dowan (D:7)
  An elephant simulacrum (IceCv)
  33 killer bees
  An electric eel (Lair:4)
  5 howler monkeys
  A bombardier beetle (D:4)
  5 hounds
  6 jellies
  30 orc priests
  Crazy Yiuf (D:4)
  2 gnoll boudas (D:8)
  3 iguanas
  4 sleepcaps
  Ijyb (D:4)
  An iguana (shapeshifter) (D:13)
  18 orc wizards
  10 hell rats
  2 wolf simulacra (IceCv)
  8 adders
  21 gnolls
  2 shadow imps
  A white imp (D:8)
  2 ufetubi (D:5)
  3 ribbon worms
  5 dart slugs
  110 orcs
  9 endoplasms
  2 giant cockroaches (D:1)
  6 hobgoblins
  3 jackals (D:1)
  10 kobolds
  5 quokkas
  2 ball pythons
  5 bats
  5 frilled lizards
  13 goblins
  9 rats
930 creatures vanquished.

Vanquished Creatures (collateral kills)
  A worldbinder (Gauntlet)
1 creature vanquished.

Vanquished Creatures (others)
  An orc warrior (Orc:2)
  A swamp drake (Swamp:4)
  17 foxfires
19 creatures vanquished.

Grand Total: 950 creatures vanquished

Notes
Turn   | Place    | Note
-------+----------+-------------------------------------------
     0 | D:1      | jejorda2 the Coglin Berserker began the quest for the Orb.
     0 | D:1      | Reached XP level 1. HP: 18/18 MP: 1/1
   109 | D:1      | Reached XP level 2. HP: 24/24 MP: 2/2
   371 | D:1      | Reached ** piety under Trog
   551 | D:1      | Reached XP level 3. HP: 29/29 MP: 3/3
  1079 | D:2      | Reached XP level 4. HP: 37/37 MP: 4/4
  1941 | D:3      | Reached XP level 5. HP: 42/42 MP: 5/5
  2274 | D:3      | Reached *** piety under Trog
  2535 | D:4      | Noticed a phantom
  2548 | D:4      | Killed a phantom
  2549 | D:4      | Reached skill level 5 in Polearms
  2549 | D:4      | Reached XP level 6. HP: 49/49 MP: 6/6
  2594 | D:4      | Found a white marble altar of Elyvilon.
  2595 | D:4      | Found a hide-covered altar of Uskayaw.
  2595 | D:4      | Found a shadowy altar of Dithmenos.
  2756 | D:4      | Found a blossoming altar of Fedhas.
  2756 | D:4      | Found a sacrificial altar of Ru.
  2758 | D:4      | Found a broken altar of Ashenzari.
  2758 | D:4      | Found a glowing silver altar of Zin.
  2779 | D:4      | Noticed Sigmund
  2779 | D:4      | Noticed Ijyb
  2790 | D:4      | Killed Sigmund
  2791 | D:4      | Reached skill level 5 in Fighting
  2791 | D:4      | Reached XP level 7. HP: 56/56 MP: 7/7
  2793 | D:4      | Killed Ijyb
  2876 | D:4      | Found a shimmering blue altar of Sif Muna.
  2935 | D:4      | Found a staircase to the Ecumenical Temple.
  3102 | D:4      | Identified the +5 orcbow "Egaghe" {drain, rF+}
  3115 | D:4      | Found a runed translucent door.
  3116 | D:4      | Noticed Crazy Yiuf
  3122 | D:4      | Killed Crazy Yiuf
  3288 | D:5      | Entered Level 5 of the Dungeon
  3729 | D:5      | Noticed Blork the orc
  3734 | D:5      | Killed Blork the orc
  3804 | D:5      | Found a sparkling altar of Nemelex Xobeh.
  3901 | D:5      | Reached XP level 8. HP: 64/64 MP: 8/8
  4113 | D:6      | Noticed Pikel
  4131 | D:6      | Killed Pikel
  4554 | D:6      | Reached XP level 9. HP: 48/69 MP: 9/9
  5334 | D:6      | Found Humiad's General Store.
  5342 | D:6      | Bought a scroll of revelation for 90 gold pieces
  5730 | D:7      | Reached skill level 10 in Polearms
  5730 | D:7      | Reached skill level 5 in Armour
  5820 | D:7      | Noticed Joseph
  5840 | D:7      | Killed Joseph
  5869 | D:7      | Noticed Dowan
  5887 | D:7      | Killed Dowan
  5909 | D:7      | Noticed Duvessa
  5915 | D:7      | Killed Duvessa
  6023 | D:7      | Reached XP level 10. HP: 73/76 MP: 10/10
  6357 | D:7      | Reached **** piety under Trog
  6379 | D:7      | Noticed Maggie
  6399 | D:7      | Killed Maggie
  7015 | D:8      | Found Garhaduizati's Antique Armour Shoppe.
  7181 | D:8      | Bought a transparent chain mail for 180 gold pieces
  7181 | D:8      | Identified the +1 chain mail of the Realm of Zot {rF+ rC+}
                  | (You bought it in a shop on level 8 of the Dungeon)
  7327 | D:8      | Identified the +3 flail of Gimecve {freeze, Will+ SInv}
  7330 | D:8      | Found Sywo's Magic Scroll Shop.
  7628 | D:8      | Paralysed by a hornet for 3 turns
  7633 | D:8      | Reached skill level 1 in Evocations
  8500 | D:9      | Found Fokhleesch's Armour Shoppe.
  8733 | D:9      | Reached ***** piety under Trog
  8921 | D:10     | Entered Level 10 of the Dungeon
  9137 | D:10     | Reached XP level 11. HP: 81/81 MP: 3/11
  9281 | D:10     | Reached skill level 5 in Evocations
  9464 | D:10     | Noticed a two-headed ogre
  9477 | D:10     | Killed a two-headed ogre
  9892 | D:10     | Found a staircase to the Lair.
 10086 | D:9      | Bought a +1 cloak of preservation for 181 gold pieces
 10156 | D:11     | Noticed a manticore
 10163 | D:11     | Killed a manticore
 10180 | D:11     | Reached skill level 1 in Throwing
 10222 | D:11     | Found a frozen archway.
 10223 | D:11     | Found a gate leading to a gauntlet.
 10230 | Gauntlet | Entered a Gauntlet
 10230 | Gauntlet | Found a transporter.
 10230 | Gauntlet | Found a runed translucent door.
 10230 | Gauntlet | Found a transporter.
 10230 | Gauntlet | Found a runed translucent door.
 10232 | Gauntlet | Noticed a soul eater
 10246 | Gauntlet | Found a transporter.
 10249 | Gauntlet | Found a transporter.
 10257 | Gauntlet | Found a transporter.
 10257 | Gauntlet | Noticed a catoblepas
 10260 | Gauntlet | Found a transporter.
 10268 | Gauntlet | Found a transporter.
 10286 | Gauntlet | Found a transporter.
 10291 | Gauntlet | Found a transporter.
 10294 | Gauntlet | Found a transporter.
 10297 | Gauntlet | Noticed a worldbinder
 10305 | Gauntlet | Found a transporter.
 10307 | Gauntlet | Found a transporter.
 10307 | Gauntlet | Noticed a fire crab
 10423 | Gauntlet | Killed a fire crab
 10440 | Gauntlet | Noticed a deep elf pyromancer
 10440 | Gauntlet | Noticed a deep elf pyromancer
 10440 | Gauntlet | Noticed a deep elf pyromancer
 10442 | Gauntlet | Noticed a shining eye
 10448 | Gauntlet | Noticed a deep elf knight
 10448 | Gauntlet | Noticed a deep elf pyromancer
 10449 | Gauntlet | Killed a worldbinder
 10478 | Gauntlet | Identified the +0 helmet of Wrong Decisions {rElec rC-
                  | Int+4}
 10480 | Gauntlet | Identified the ring "Gimudd" {Str+6 Dex+5}
 10505 | Gauntlet | Noticed a minotaur
 10512 | Gauntlet | Killed a minotaur
 10513 | Gauntlet | Reached XP level 12. HP: 88/88 MP: 4/12
 10517 | Gauntlet | Found the +3 Mad Mage's Maulers {Infuse+∞ VampMP -Cast}
 10522 | Gauntlet | Identified the ring "Asyreeh" {Ice rPois Str-5 Int+3 SInv}
 10522 | Gauntlet | Identified the +6 chain mail of the Gravedigger {Regen+
                  | Str+5}
 10551 | IceCv    | Entered an ice cave
 10713 | IceCv    | Reached skill level 5 in Dodging
 10916 | IceCv    | Reached skill level 5 in Throwing
 11227 | D:11     | Found a viscous altar of Jiyva.
 11280 | D:11     | Noticed a boulder beetle
 11290 | D:11     | Killed a boulder beetle
 11353 | D:11     | Noticed a boulder beetle
 11364 | D:11     | Killed a boulder beetle
 11773 | D:11     | Found a staircase to the Orcish Mines.
 11937 | D:11     | Noticed Grum
 11937 | D:11     | Noticed Sonja
 12009 | D:11     | Killed Grum
 12036 | D:11     | Killed Sonja
 12187 | D:10     | Upgraded the game from 0.32-a0-643-ga006e7742e to
                  | 0.32-a0-656-g3542139ebd
 12189 | Lair:1   | Entered Level 1 of the Lair of Beasts
 12189 | Lair:1   | Noticed a catoblepas
 12195 | Lair:1   | Killed a catoblepas
 12619 | Lair:1   | Reached XP level 13. HP: 93/93 MP: 0/13
 12628 | Lair:1   | Reached skill level 10 in Evocations
 13800 | Lair:2   | Found a hole to the Spider Nest.
 14615 | Lair:2   | Found a staircase to the Swamp.
 15058 | Lair:2   | Received a gift from Trog
 16105 | Lair:2   | Reached skill level 10 in Throwing
 17099 | Lair:3   | Reached XP level 14. HP: 99/103 MP: 1/14
 17110 | Lair:3   | Acquired a turbobismuth transmogrifier {rElec Slay+3 Clar
                  | RMsl}
 17537 | Lair:3   | Noticed Fannar
 17546 | Lair:3   | Killed Fannar
 18141 | Lair:4   | Noticed Rupert
 18148 | Lair:4   | Killed Rupert
 18589 | Lair:4   | Found a staircase to the Slime Pits.
 18591 | Lair:4   | Found a viscous altar of Jiyva.
 18714 | Lair:4   | Noticed Josephine
 18720 | Lair:4   | Killed Josephine
 19355 | D:8      | Bought a glowing plate armour for 494 gold pieces
 19522 | Lair:5   | Entered Level 5 of the Lair of Beasts
 20403 | Lair:5   | Reached skill level 15 in Polearms
 20578 | Lair:5   | Reached XP level 15. HP: 115/115 MP: 1/15
 20775 | Lair:5   | Reached skill level 10 in Fighting
 20907 | Lair:5   | Identified the +5 double sword "Ucalloy Heso" {venom, rC-
                  | Int+7 Dex-4 SInv}
 21894 | D:12     | Reached ****** piety under Trog
 22289 | D:13     | Paralysed by something for 2 turns
 22294 | D:13     | Reached skill level 1 in Stealth
 22821 | D:13     | Noticed Azrael
 22834 | D:13     | Killed Azrael
 22840 | D:13     | Reached skill level 10 in Armour
 23545 | D:14     | Found a gate to the Vaults.
 23560 | D:14     | Received a gift from Trog
 23855 | D:14     | Found a snail-covered altar of Cheibriados.
 24018 | D:15     | Entered Level 15 of the Dungeon
 24526 | D:15     | Reached XP level 16. HP: 85/125 MP: 3/16
 25130 | D:15     | Found a portal to a secret trove of treasure.
 25420 | D:15     | Found a staircase to the Depths.
 25697 | D:15     | Noticed Louise
 25709 | D:15     | Killed Louise
 26005 | Orc:1    | Entered Level 1 of the Orcish Mines
 26356 | Orc:1    | Received a gift from Trog
 26405 | Orc:1    | Found a bloodstained altar of Trog.
 26883 | Orc:2    | Entered Level 2 of the Orcish Mines
 27883 | Orc:2    | Found a roughly hewn altar of Beogh.
 28160 | Orc:2    | Found Dieph's General Store.
 28172 | Orc:2    | Found Esoar Diorph's Assorted Antiques.
 29315 | Orc:2    | Received a gift from Trog
 29315 | Orc:2    | Found the +8 frozen axe "Frostbite" {freeze, freezing
                  | cloud, *Noise Fly rC+}
 29372 | Orc:2    | Found a staircase to the Elven Halls.
 29420 | Orc:2    | Noticed Saint Roka
 29438 | Orc:2    | Killed Saint Roka
 29837 | Orc:2    | Noticed Erolcha
 29861 | Orc:2    | Killed Erolcha
 29947 | Orc:2    | Found Vossyl's Assorted Antiques.
 29998 | Orc:2    | Found a roughly hewn altar of Beogh.
 30217 | Orc:2    | Found Heyzxott's Jewellery Shop.
 30608 | Swamp:1  | Entered Level 1 of the Swamp
 31065 | Swamp:1  | Received a gift from Trog
 31066 | Swamp:1  | Reached skill level 15 in Throwing
 31209 | Swamp:1  | Found a transporter.
 31222 | Swamp:1  | Found a transporter.
 31235 | Swamp:1  | Noticed an Executioner
 31255 | Swamp:1  | Noticed a tentacled starspawn
 31265 | Swamp:1  | Reached XP level 17. HP: 131/131 MP: 1/17
 31284 | Swamp:1  | Found a one-way gate to the infinite horrors of the Abyss.
 31338 | Swamp:1  | Noticed Ykem's ghost (adept GnWn)
 31891 | Swamp:1  | Paralysed by a hornet for 2 turns
 32285 | Swamp:2  | Noticed Mlioglotl
 32292 | Swamp:2  | Killed Mlioglotl
 33557 | Swamp:3  | Identified the +2 scale mail "Jaxzoj" {Rampage rPois Slay+4
                  | Stlth-}
 33704 | Swamp:3  | Received a gift from Trog
 34466 | Swamp:4  | Entered Level 4 of the Swamp
 35044 | Swamp:4  | HP: 10/202 [will-o-the-wisp] (3)]
 35047 | Swamp:4  | HP: 4/202 [goliath frog (7)]
 35047 | Swamp:4  | HP: 1/202 [acid (3)]
 35048 | Swamp:4  | Mangled by a tyrant leech

Illustrated notes

Levels and vault maps discovered:
D:1:      dpeg_arrival_snail, layout_basic, serial_glass, glass_columns_a,
          glass_columns_c, glass_columns_a, glass_columns_c, glass_columns_a,
          glass_columns_c
D:2:      layout_basic
D:3:      layout_loops_ring, st_stairs_10
D:4:      layout_rooms, grunt_temple_overflow_open, lemuel_doored_altar,
          minmay_temple_entry_gardened_gates, uniq_sigmund,
          uniq_crazy_yiuf_cottage, uniq_ijyb
D:5:      layout_basic, nemelex_altar_shiori, uniq_blork_the_orc
D:6:      layout_basic, serial_shops, shop, serial_bayou_pond_d,
          minmay_misc_feat_alley, minmay_puff, uniq_pikel
D:7:      layout_basic, uniq_duvessa, uniq_maggie, uniq_joseph
D:8:      layout_basic, serial_shops, shop, nicolae_inconvenience_store
D:9:      layout_loops_ring, serial_shops, shop, minivault_16,
          nicolae_benzene_ring, minmay_variable_closet
D:10:     layout_cave_pods, david_lair_generic
D:11:     layout_basic, orc_0_dummy, gauntlet_entry_generic,
          portal_ice_cave_entry_pillars_1, chequers_serial_rivers_small_a,
          amcnicky_mini_pool_small, jiyva_altar_1, uniq_grum, uniq_sonja
D:12:     layout_rooms
D:13:     layout_roguey, uniq_azrael
D:14:     layout_big_octagon, minivault_11, cheibriados_altar_1
D:15:     hangedman_depths_entry_try_elsewhere_first, layout_layer_cave,
          special_room [special_room_mythical_zoo],
          hangedman_decor_diamond_cutter, nicolae_trove_entry_diagonal,
          kennysheep_crisscross, uniq_louise
Lair:1:   layout_small_grid, grunt_megastairs_2
Lair:2:   layout_long_grid, nicolae_swamp_entry_spooky,
          nicolae_spider_entry_orb_guardian, special_room [special_room_bee],
          serial_bayou_shore_b, grunt_megastairs_4
Lair:3:   layout_layer_cave, lemuel_fruit_tree, uniq_fannar
Lair:4:   layout_regular_city, slime_entry_1, infiniplex_staircase_pool_2,
          serial_bayou_shore_a, uniq_rupert, uniq_josephine
Lair:5:   evilmike_catoblepas_cave, layout_layer_cave, serial_bayou_ford_a
Swamp:1:  layout_falls_marsh, gammafunk_ghost_abyssal_escape,
          evilmike_swamp_ruin_house_4
Swamp:2:  layout_falls_marsh, nicolae_swamp_stair_fork, uniq_mlioglotl
Swamp:3:  layout_basic_swamp, nicolae_swamp_ascending_descending_big,
          nicolae_swamp_long_stream
Swamp:4:  swamp_fiery, layout_basic_swamp, swamp_pool_3
Orc:1:    layout_caves, trog_butcher_becter
Orc:2:    pubby_orc_utopia, uniq_saint_roka, uniq_erolcha

Skill      XL: |  1  2  3  4  5  6  7  8  9 10 11 12 13 14 15 16 17 |
---------------+----------------------------------------------------+-----
Polearms       | 3 4 5 6 7 8 10 12 14 15 16 | 16.4
Fighting       | 4 5 6 7 9 11 12 | 12.5
Armour         | 3 5 6 7 9 10 | 10.9
Evocations     | 4 6 9 12 | 12.0
Dodging        | 4 6 7 |  7.0
Throwing       | 4 8 10 11 15 16 | 16.0
Stealth        | 1 |  1.7

Action                     |  1- 3 |  4- 6 |  7- 9 | 10-12 | 13-15 | 16-18 || total
---------------------------+-------+-------+-------+-------+-------+-------++-------
  Melee: Spear             |    79 |   128 |   262 |   626 |   713 |   550 ||  2358
         Dagger            |    31 |       |       |       |       |       ||    31
         Short sword       |    21 |   107 |    80 |       |       |       ||   208
         Broad axe         |       |       |   142 |    53 |       |       ||   195
         Trident           |       |       |       |   285 |   717 |   618 ||  1620
         Demon trident     |       |       |       |       |       |    84 ||    84
  Throw: Javelin           |       |       |     7 |     3 |       |    19 ||    29
         Dart              |       |       |       |    58 |    50 |     2 ||   110
         Boomerang         |       |       |       |    19 |       |   117 ||   136
 Invoke: Berserk           |       |     2 |     7 |     9 |    10 |     8 ||    36
         Trog's Hand       |       |     1 |     2 |     7 |     3 |     4 ||    17
         Brothers in Arms  |       |       |       |     1 |       |       ||     1
Ability: Invent Gizmo      |       |       |       |       |     1 |       ||     1
  Evoke: Wand              |       |       |       |     1 |       |     1 ||     2
    Use: Scroll            |       |       |    12 |     7 |     8 |     6 ||    33
         Potion            |       |       |       |     1 |     1 |     2 ||     4
   Stab: Sleeping          |     5 |     2 |       |       |       |       ||     7
         Petrified         |       |       |       |       |     2 |       ||     2
 Armour: Animal skin       |    20 |    12 |       |       |       |       ||    32
         Chain mail        |       |    50 |     9 |   189 |   472 |   244 ||   964
         Plate armour      |       |       |   139 |    53 |       |       ||   192
         Swamp dragon scal |       |       |       |       |       |   242 ||   242
  Dodge: Dodged            |    26 |    35 |    58 |   102 |   244 |   284 ||   749
         Repelled          |       |       |       |       |    10 |    30 ||    40

Table legend: (Time is in decaauts)
 A = Elapsed time spent in this place.
 B = Non-inter-level travel time spent in this place.
 C = Inter-level travel time spent in this place.
 D = Time resting spent in this place.
 E = Time spent auto-exploring this place.
 F = Levels seen in this place.
 G = Mean time per level.
                   A        B        C        D        E       F      G
               +--------+--------+--------+--------+--------+-----+--------+
         Total |  34864 |  33137 |   1727 |   4676 |  23129 |  28 | 1245.1 |
       Dungeon |  16181 |  15045 |   1136 |   1313 |  11027 |  15 | 1078.7 |
          Lair |   8906 |   8537 |    369 |    937 |   6584 |   5 | 1781.2 |
         Swamp |   4483 |   4314 |    169 |   1066 |   2585 |   4 | 1120.8 |
  Orcish Mines |   4425 |   4373 |     52 |    978 |   2789 |   2 | 2212.5 |
      Ice Cave |    561 |    561 |      0 |    380 |      3 |   1 |  561.0 |
      Gauntlet |    308 |    308 |      0 |      0 |    141 |   1 |  308.0 |
               +--------+--------+--------+--------+--------+-----+--------+

Top non-repeatable levels by time:
   Orc:2: 3535 daAuts
  Lair:2: 2613 daAuts
  Lair:3: 1784 daAuts
 Swamp:3: 1730 daAuts
    D:15: 1674 daAuts
  Lair:5: 1607 daAuts
 Swamp:1: 1530 daAuts
  Lair:1: 1466 daAuts
     D:8: 1445 daAuts
  Lair:4: 1434 daAuts
    D:10: 1276 daAuts
     D:6: 1220 daAuts
    D:11: 1195 daAuts
     D:5: 1169 daAuts
     D:7: 1159 daAuts
